 Dungeon Crawl Stone Soup version 0.17.0-24-gcfadda4 (webtiles) character file.

4370 HungrySpirit the Basher (level 10, 0/65 HPs)
             Began as a Gargoyle Summoner on Nov 17, 2015.
             Was a Believer of Okawaru.
             Incinerated by a hell hog (3 damage)
             ... with a sticky flame
             ... on level 1 of the Abyss.
             The game lasted 00:24:01 (11433 turns).

HungrySpirit the Basher (Gargoyle Summoner)        Turns: 11433, Time: 00:24:02

Health: 0/65       AC: 27    Str: 13    XL:     10   Next: 34%
Magic:  9/10       EV: 12    Int: 16    God:    Okawaru [**....]
Gold:   345        SH:  0    Dex: 12    Spells: 1 memorised, 12 levels left

rFire  . . .     SeeInvis +     z - +3 whip (freeze)
rCold  . . .     Clarity  .     e - +0 scale mail
rNeg   + + .     SustAt   .     (no shield)
rPois  ∞         Gourm    .     D - +0 helmet of Vomycs {rPois rN+ Dex+2 Slay+2}
rElec  +         Spirit   .     B - +2 cloak
rCorr  .         Warding  .     L - +0 pair of gloves
rMut   +         Stasis   .     y - +0 pair of boots
MR     .....                    u - amulet of resist mutation
Stlth  +.........               b - +3 ring of protection
                                q - ring of see invisible

@: liquid flames, heroism, glowing, not resistant to hostile enchantments, very
unstealthy
A: blurry vision 1, low mp 2, negative energy resistance 1, electricity
resistance, slow regeneration 1, weak 1, unbreathing, petrification resistance,
rot immunity, AC +7
a: Heroism, Renounce Religion


You were on level 1 of the Abyss.
You worshipped Okawaru.
Okawaru was pleased with you.
You were not hungry.

You visited 2 branches of the dungeon, and saw 10 of its levels.
You visited the Abyss 1 time.

You collected 345 gold pieces.

Inventory:

Hand Weapons
 z - a +3 whip of freezing (weapon)
Missiles
 j - a throwing net (quivered)
Armour
 e - a +0 scale mail (worn)
 g - a +2 robe of magic resistance
 k - a +1 leather armour of cold resistance
 y - a +0 pair of boots (worn)
 B - a +2 cloak (worn)
 D - the +0 helmet of Vomycs (worn) {rPois rN+ Dex+2 Slay+2}
   (You found it on level 5 of the Dungeon)

   It affects your dexterity (+2).
   It affects your accuracy and damage with ranged weapons and melee attacks
   (+2).
   It protects you from poison.
   It protects you from negative energy.
 L - a +0 pair of gloves (worn)
Jewellery
 a - an uncursed ring of sustain attributes
 b - a +3 ring of protection (right hand)
 n - an uncursed ring of teleportation
 q - a ring of see invisible (left hand)
 u - an amulet of resist mutation (around neck)
Wands
 w - a wand of heal wounds (0)
 I - a wand of disintegration (19)
Scrolls
 d - 2 scrolls of noise
 l - 2 scrolls of remove curse
 r - a scroll of magic mapping
 t - 2 scrolls of amnesia
 x - a scroll of holy word
 A - 5 scrolls of enchant armour
 F - a scroll of identify
 H - a scroll of blinking
 P - a scroll of recharging
Potions
 f - a potion of heal wounds {unknown}
 h - a potion of beneficial mutation {unknown}
 o - 2 potions of poison {unknown}
 p - a potion of haste
 s - 3 potions of brilliance
 v - a potion of berserk rage
 E - 3 potions of curing
 G - a potion of ambrosia
 J - a potion of might
 K - a potion of invisibility
 M - a potion of resistance
 O - a potion of agility
Books
 i - a book of the Tempests

   Spells                             Type                      Level
   a - Static Discharge               Conjuration/Air              3
   b - Lightning Bolt                 Conjuration/Air              5
   c - Fireball                       Conjuration/Fire             5
   d - Tornado                        Air                          9
   e - Shatter                        Earth                        9
 N - a Necronomicon

   Spells                             Type                      Level
   a - Haunt                          Necromancy/Summoning         7
   b - Borgnjor's Revivification      Necromancy                   8
   c - Death's Door                   Charms/Necromancy            8
   d - Necromutation                  Transmutation/Necromancy     8
Comestibles
 c - 7 bread rations
 m - 2 meat rations


   Skills:
 + Level 8.5(13.5) Fighting
 * Level 10.8(15.8) Maces & Flails
 * Level 6.4(11.4) Armour
 - Level 1.5(6.5) Dodging
 - Level 2.1(7.1) Stealth
 - Level 2.0 Spellcasting
 - Level 3.6 Summonings


You had 12 spell levels left.
You knew the following spells:

 Your Spells              Type           Power        Failure   Level  Hunger
a - Summon Small Mammal   Summ           ##..         17%         1    #......


Dungeon Overview and Level Annotations

Branches:
Dungeon (9/15)             Temple (1/1) D:5            Lair (0/8) D:9
    Orc: D:9-12

Altars:
Ashenzari
Dithmenos
Fedhas
Okawaru
Ru
Sif Muna
Vehumet
Yredelemnul


Innate Abilities, Weirdness & Mutations

You are resistant to torment.
Your stone body is resilient (AC +7).
You are immune to poison.
You resist negative energy.
You are resistant to electric shocks.
You can survive without breathing.
You are immune to petrification.
You are immune to rotting.
[Scrolls take you a little longer to read.]
[Your magical capacity is very low (-20% MP).]
[You regenerate slowly when monsters are visible.]
[You are weak. (Str -2)]


Message History

The hell hog is severely wounded.
You are covered in liquid flames!
* * * LOW HITPOINT WARNING * * *
The worldbinder hits you but does no damage. x2
The chaos spawn misses you.
Unknown command.
You whack the hell hog! You freeze the hell hog. You punch the hell hog.
The hell hog is almost dead.
You are covered in liquid flames!
* * * LOW HITPOINT WARNING * * *
The hell hog sprays you with burning goo.
The sticky flame hits you!
You are covered in liquid flames!
The worldbinder hits you but does no damage.
The worldbinder closely misses you.
The yak bellows!
You hit the hell hog. You freeze the hell hog.
The hell hog is almost dead.
You are covered in liquid flames!
You die...

.. # . . . ..
# #. # # .##
#### # .#.. #
... #.## . ..
. # ####
....##..#x #
. #..#....##
.. #..#
#.3##Y### .
## ###@xX##..
# #
#..h###.....#
# #...# #.
$### . #..#.#
#...#. #
#.#.# # # #
#. ## # # . #
.


You could see a hell hog, a large abomination, a worldbinder, a yak and a chaos
spawn.

Vanquished Creatures
  A flayed ghost (Abyss:1)
  Pikel (D:3)
  Joseph (D:8)
  A two-headed ogre (D:8)
  Grinder (D:4)
  Sigmund (D:4)
  A hungry ghost (D:8)
  2 wargs (D:8)
  A slave (D:4)
  A phantom (D:7)
  An orc warrior (D:8)
  A necrophage (D:5)
  A sky beast (D:5)
  An ogre (D:8)
  4 centaurs
  A giant frog (D:6)
  A wyvern zombie (D:6)
  A scorpion (D:8)
  6 wights (D:8)
  3 crimson imps
  A quasit (D:7)
  A giant frog zombie (D:7)
  7 orc wizards
  Crazy Yiuf (D:7)
  3 hounds
  A giant frog skeleton (D:5)
  8 worker ants
  The ghost of puimuR the Chopper, a weakling DsGl (D:4)
  A hound skeleton (D:5)
  Robin (D:3)
  9 gnolls
  4 adders
  An ooze (D:7)
  2 worms
  9 giant geckos
  23 orcs
  4 giant cockroaches
  9 hobgoblins
  6 jackals
  8 kobolds
  3 quokkas
  5 bats
  A giant gecko zombie (D:5)
  4 giant newts
  12 goblins
  5 rats
161 creatures vanquished.

Vanquished Creatures (collateral kills)
  An adder (D:2)
  3 gnolls
  A giant gecko (D:2)
  2 bats (D:2)
  2 hobgoblins (D:1)
  A quokka skeleton (D:4)
10 creatures vanquished.

Vanquished Creatures (others)
  A quokka (D:4)
1 creature vanquished.

Grand Total: 172 creatures vanquished

Notes
Turn   | Place    | Note
--------------------------------------------------------------
     0 | D:1      | HungrySpirit the Gargoyle Summoner began the quest for the Orb.
     0 | D:1      | Reached XP level 1. HP: 10/10 MP: 3/3
  1230 | D:1      | Reached skill level 1 in Fighting
  1230 | D:1      | Reached skill level 1 in Maces & Flails
  1230 | D:1      | Reached XP level 2. HP: 12/16 MP: 3/5
  1916 | D:2      | Reached XP level 3. HP: 16/20 MP: 6/6
  1946 | D:2      | Found a basalt altar of Yredelemnul.
  2596 | D:1      | Reached XP level 4. HP: 22/26 MP: 4/7
  2876 | D:2      | Found a deep blue altar of Sif Muna.
  3591 | D:2      | Reached XP level 5. HP: 24/32 MP: 8/8
  3992 | D:3      | Noticed Robin
  4040 | D:3      | Killed Robin
  4852 | D:4      | Noticed Sigmund
  4878 | D:4      | Killed Sigmund
  4878 | D:4      | Reached skill level 4 in Fighting
  4878 | D:4      | Reached XP level 6. HP: 31/38 MP: 7/9
  4913 | D:4      | Noticed puimuR's ghost (weakling DsGl)
  4932 | D:4      | Killed puimuR's ghost
  5191 | D:4      | Noticed Grinder
  5194 | D:4      | Paralysed by Grinder for 2 turns
  5204 | D:4      | Paralysed by Grinder for 5 turns
  5234 | D:4      | Paralysed by Grinder for 7 turns
  5253 | D:4      | Paralysed by Grinder for 7 turns
  5554 | D:4      | Paralysed by Grinder for 5 turns
  5569 | D:4      | Killed Grinder
  5569 | D:4      | Reached skill level 5 in Maces & Flails
  5569 | D:4      | Reached XP level 7. HP: 20/44 MP: 4/10
  5742 | D:4      | Noticed a slave
  5742 | D:4      | Noticed a slave
  5781 | D:4      | Killed a slave
  5838 | D:4      | Noticed Pikel
  5845 | D:4      | Noticed a slave
  5846 | D:4      | Noticed a slave
  6832 | D:3      | Killed Pikel
  6832 | D:3      | Reached skill level 5 in Fighting
  6832 | D:3      | Reached skill level 7 in Maces & Flails
  6832 | D:3      | Reached XP level 8. HP: 26/51 MP: 7/11
  7004 | D:5      | Entered Level 5 of the Dungeon
  7429 | D:5      | Reached skill level 8 in Maces & Flails
  7748 | D:5      | Got a faintly humming helmet
  7759 | D:5      | Identified the cursed +0 helmet of Vomycs {rPois rN+ Dex+2 Slay+2} (You found it on level 5 of the Dungeon)
  7824 | D:5      | Found a radiant altar of Vehumet.
  7868 | D:5      | Found a staircase to the Ecumenical Temple.
  7884 | Temple   | Entered the Ecumenical Temple
  7901 | Temple   | Became a worshipper of Warmaster Okawaru
  8577 | D:6      | Reached skill level 9 in Maces & Flails
  8577 | D:6      | Reached XP level 9. HP: 56/56 MP: 12/12
  9533 | D:7      | Noticed Crazy Yiuf
  9539 | D:7      | Killed Crazy Yiuf
  9711 | D:7      | Reached skill level 1 in Armour
  9721 | D:8      | Found a shadowy altar of Dithmenos.
  9723 | D:8      | Found a blossoming altar of Fedhas.
  9727 | D:8      | Noticed Joseph
  9754 | D:8      | Killed Joseph
  9754 | D:8      | Reached * piety under Okawaru
  9944 | D:8      | Reached skill level 10 in Maces & Flails
 10451 | D:8      | Reached ** piety under Okawaru
 10451 | D:8      | Reached XP level 10. HP: 64/64 MP: 13/13
 10523 | D:8      | Found a shattered altar of Ashenzari.
 10826 | D:8      | Reached skill level 5 in Armour
 11212 | D:9      | Found a staircase to the Lair.
 11233 | D:9      | Cast into the Abyss (orc)
 11273 | Abyss:1  | Noticed a wretched star
 11291 | Abyss:1  | Noticed a white draconian
 11298 | Abyss:1  | Noticed a revenant
 11307 | Abyss:1  | Noticed a spectral stone giant
 11309 | Abyss:1  | Noticed a spectral fire giant
 11316 | Abyss:1  | Noticed a shadow demon
 11337 | Abyss:1  | Noticed a green very ugly thing
 11339 | Abyss:1  | Noticed a worldbinder
 11364 | Abyss:1  | Noticed an unseen horror
 11367 | Abyss:1  | Noticed an elephant
 11372 | Abyss:1  | Noticed an elephant
 11372 | Abyss:1  | Noticed an elephant
 11377 | Abyss:1  | Noticed an elephant
 11398 | Abyss:1  | Noticed a flayed ghost
 11401 | Abyss:1  | Noticed an elephant
 11414 | Abyss:1  | Noticed a hell hog
 11425 | Abyss:1  | Killed a flayed ghost
 11432 | Abyss:1  | HP: 3/65 [burnt (4)]
 11433 | Abyss:1  | Incinerated by a hell hog

Action                   |  1- 3 |  4- 6 |  7- 9 | 10-12 || total
-------------------------+-------+-------+-------+-------++-------
Melee: Unarmed           |    25 |       |       |       ||    25
       Club              |   162 |     1 |       |       ||   163
       Mace              |       |   180 |   125 |       ||   305
       Flail             |       |    32 |       |       ||    32
       Whip              |       |       |   400 |   138 ||   538
Throw: Throwing net      |     2 |     3 |       |       ||     5
 Cast: Summon Small Mamm |    19 |    21 |    23 |       ||    63
Invok: Heroism           |       |       |       |     3 ||     3
Evoke: Wand              |       |       |     3 |     9 ||    12
  Use: Scroll            |       |     1 |    17 |     5 ||    23
       Potion            |       |     4 |     1 |       ||     5
 Stab: Held in net/web   |     1 |       |       |       ||     1
       Distracted        |     1 |       |       |       ||     1
       Sleeping          |       |     3 |       |       ||     3
  Eat: Chunk             |     5 |     8 |     8 |     2 ||    23
       Beef jerky        |       |     2 |       |       ||     2
       Meat ration       |       |       |     1 |       ||     1
       Fruit             |       |       |     4 |       ||     4
       Pizza             |       |       |       |     1 ||     1
